 Dungeon Crawl Stone Soup version 0.21.0 (webtiles) character file.

94 Hekarica the Insei (level 4, -5/29 HPs)
             Began as an Octopode Transmuter on May 20, 2018.
             Slain by Kave's ghost (17 damage)
             ... on level 3 of the Dungeon.
             The game lasted 00:15:32 (2622 turns).

Hekarica the Insei (Octopode Transmuter)            Turns: 2622, Time: 00:15:32

Health: -5/29      AC:  1    Str: 10    XL:     4   Next: 63%
Magic:  5/7        EV: 13    Int: 15    God:
Gold:   77         SH:  0    Dex: 12    Spells: 7/8 levels left

rFire    . . .     SeeInvis .     - Unarmed
rCold    . . .     Gourm    .   (no shield)
rNeg     . . .     Faith    .   (helmet restricted)
rPois    .         Spirit   .   (no amulet)
rElec    .         Reflect  .   (no ring)
rCorr    .         Harm     .   (no ring)
MR       .....                  (no ring)
Stlth    +++.......             (no ring)
HPRegen  0.09/turn              (no ring)
MPRegen  0.10/turn              (no ring)
                                (no ring)
                                (no ring)

@: appendage, very slightly contaminated
A: almost no armour, stealthy swim, amphibious, 8 rings, constrict 8, tentacle
spike 3, camouflage 1, gelatinous body 1
a: End Transformation


You were on level 3 of the Dungeon.
You were not hungry.
One of your tentacles had a temporary spike.
You visited 1 branch of the dungeon, and saw 3 of its levels.

You collected 77 gold pieces.

Inventory:

Hand Weapons
 k - a +1 short sword of venom
Missiles
 a - 34 arrows
Scrolls
 d - 3 scrolls of remove curse {unknown}
 e - 2 scrolls of teleportation {unknown}
 f - a scroll of blinking {unknown}
 i - 4 scrolls of identify {unknown}
 m - a scroll of immolation {unknown}
Potions
 g - 3 potions of curing {unknown}
 h - a potion of mutation {unknown}
 j - 2 potions of heal wounds {unknown}
 l - a potion of degeneration {unknown}
Books
 b - a book of Changes

   Spells                             Type                      Level
   a - Beastly Appendage              Transmutation                1
   b - Sticks to Snakes               Transmutation                2
   c - Spider Form                    Transmutation/Poison         3
   d - Ice Form                       Ice/Transmutation            4
   e - Blade Hands                    Transmutation                5
Comestibles
 c - 2 rations


   Skills:
 + Level 1.8 Fighting
 + Level 2.5 Dodging
 + Level 2.0 Stealth
 + Level 3.5 Unarmed Combat
 + Level 2.5 Spellcasting
 + Level 2.5 Transmutations


You had 7 spell levels left.
You knew the following spells:

 Your Spells              Type           Power        Failure   Level  Hunger
a - Beastly Appendage     Tmut           #.....       8%          1    #......


Dungeon Overview and Level Annotations

Branches:
Dungeon (3/15)

Altars:
Kikubaaqudgha
Xom
Zin

Annotations:
D:3 Kave's ghost, amateur TrTm


Innate Abilities, Weirdness & Mutations

You cannot wear most types of armour.
You are very stealthy in the water. (Stealth+)
You are amphibious.
You can wear up to eight rings at the same time.
You can use your tentacles to constrict eight enemies at once.
Your skin changes colour to match your surroundings (Stealth+).
Your rubbery body absorbs attacks. (AC +1, EV +1)
One of your tentacles bears a large vicious spike.


Message History

There are monsters nearby!
Casting: Beastly Appendage
Confirm with . or Enter, or press ? or * to list all spells.
You miscast Beastly Appendage.
You are very lightly contaminated with residual magic.
Nothing appears to happen.
Casting: Beastly Appendage
Confirm with . or Enter, or press ? or * to list all spells.
One of your tentacles grows a vicious spike.
You tentacle-slap Kave's ghost but do no damage.
Your tentacle spike misses Kave's ghost.
Kave's ghost hits you but does no damage.
You tentacle-slap Kave's ghost but do no damage.
Your tentacle-slap misses Kave's ghost.
Kave's ghost hits you!
Ouch! That really hurt!
You barely miss Kave's ghost. You squeeze Kave's ghost.
Kave's ghost is lightly damaged.
Kave's ghost hits you!
Ouch! That really hurt!
You die...

≈≈≈.<.≈≈#≈≈≈..
#≈≈≈≈...≈≈≈#≈≈≈#
≈≈≈#≈≈.≈#≈≈≈≈≈≈
≈≈≈≈≈$!≈≈≈≈≈≈##
≈≈≈≈#.$.≈≈≈≈≈.#
≈≈≈≈≈..≈≈#≈≈≈.. ..#
#≈≈≈≈≈≈≈≈≈≈##.#### ..#
##.≈≈≈≈≈≈W@....... ..#
#.##≈≈.≈≈##.###### #.#
#.........### #.#
####.....†.## #)#
............#########.######
####..†..............<......
.............########.######
####.......#.>........#
#.........##########


You could see Kave's ghost.

Vanquished Creatures
  Jessica (D:2)
  An adder (D:2)
  An ooze (D:2)
  2 worms (D:2)
  4 dart slugs
  3 bats
  2 giant cockroaches
  3 goblins
  11 hobgoblins
  4 kobolds
  A quokka (D:2)
  A frilled lizard (D:2)
  7 rats
41 creatures vanquished.

Notes
Turn   | Place    | Note
-------+----------+-------------------------------------------
     0 | D:1      | Hekarica the Octopode Transmuter began the quest for the Orb.
     0 | D:1      | Reached XP level 1. HP: 13/13 MP: 3/3
   148 | D:1      | Found a shadowy altar of Dithmenos.
   156 | D:1      | Found a deep blue altar of Sif Muna.
   156 | D:1      | Found a shadowy altar of Dithmenos.
   158 | D:1      | Found a sparkling altar of Nemelex Xobeh.
   158 | D:1      | Found a snail-covered altar of Cheibriados.
   158 | D:1      | Found a shimmering altar of Xom.
   211 | D:1      | Reached XP level 2. HP: 11/18 MP: 5/5
   753 | D:1      | Reached skill level 1 in Stealth
  1088 | D:1      | Reached XP level 3. HP: 23/23 MP: 6/6
  1229 | D:2      | Found an ancient bone altar of Kikubaaqudgha.
  1230 | D:2      | Found a glowing silver altar of Zin.
  1640 | D:2      | Noticed Jessica
  1648 | D:2      | Killed Jessica
  1648 | D:2      | Reached XP level 4. HP: 25/28 MP: 7/7
  2609 | D:3      | Noticed Kave's ghost (amateur TrTm)
  2622 | D:3      | Slain by Kave's ghost

Skill      XL: |  1  2  3  4 |
---------------+-------------+-----
Stealth        | 1 2 |  2.0
Fighting       | |  1.8
Dodging        | |  2.5
Unarmed Combat | |  3.5
Spellcasting   | |  2.5
Transmutations | |  2.5

Action                   |  1- 3 |  4- 6 || total
-------------------------+-------+-------++-------
Melee: Unarmed           |    63 |    31 ||    94
       Constrict         |    20 |     8 ||    28
       Tentacles         |    18 |     7 ||    25
       Short sword       |     4 |       ||     4
       Kick              |     4 |     3 ||     7
       Punch             |     1 |       ||     1
 Cast: Beastly Appendage |     3 |     3 ||     6
 Stab: Sleeping          |    10 |     4 ||    14
  Eat: Ration            |     1 |     1 ||     2
Armor: Skin              |     2 |     7 ||     9
Dodge: Dodged            |    31 |    17 ||    48
